 Dungeon Crawl Stone Soup version 0.26-a0-812-g31a745ddcd (webtiles) character file.

Game seed: 16740005822259829975

242 kae the Ruffian (level 5, -1/41 HPs)
             Began as a Draconian Transmuter on Dec 7, 2020.
             Slain by an orc wizard
             ... wielding a +0 dagger
              (2 damage)
             ... on level 4 of the Dungeon.
             The game lasted 00:01:17 (3841 turns).

kae the Ruffian (Draconian Transmuter)              Turns: 3841, Time: 00:01:17

Health: -1/41      AC:  5    Str: 14    XL:     5   Next: 81%
Magic:  9/9        EV: 12    Int: 13    God:
Gold:   187        SH:  0    Dex: 11    Spells: 5/9 levels left

rFire    . . .     SeeInvis .   d - +1 dagger (venom)
rCold    . . .     Faith    .   (no shield)
rNeg     . . .     Spirit   .   (armour unavailable)
rPois    .         Reflect  .   (helmet restricted)
rElec    .         Harm     .   (no cloak)
rCorr    .         Rampage  .   (no gloves)
MR       .....                  (no boots)
Stlth    +.........             (no amulet)
HPRegen  0.13/turn              (no ring)
MPRegen  0.11/turn              (no ring)

@: lethally poisoned (-1 -> -11)
A: unfitting armour, cold-blooded, AC +5
a: no special abilities


You were on level 4 of the Dungeon.
You visited 1 branch of the dungeon, and saw 4 of its levels.

You collected 187 gold pieces.

Inventory:

Hand Weapons
 d - a +1 dagger of venom (weapon)
Jewellery
 e - an uncursed amulet of regeneration {unknown}
 j - a +6 ring of dexterity {unknown}
 k - a +4 ring of protection {unknown}
Scrolls
 b - 3 scrolls of identify {unknown}
 c - 2 scrolls of fear {unknown}
 f - a scroll of amnesia {unknown}
 i - 2 scrolls of teleportation {unknown}
 m - a scroll of remove curse {unknown}
Potions
 a - a potion of cancellation {unknown}
 g - 2 potions of flight {unknown}
 h - a potion of haste {unknown}
 l - a potion of curing {unknown}


   Skills:
 + Level 2.2 Fighting
 + Level 2.4 Dodging
 * Level 4.1 Unarmed Combat
 + Level 2.8 Spellcasting
 * Level 3.4 Transmutations
 * Level 1.6 Poison Magic


You had 5 spell levels left.
You knew the following spells:

 Your Spells              Type           Power        Failure   Level
a - Beastly Appendage     Tmut           ##....       5%          1
b - Spider Form           Tmut/Pois      #.........   24%         3

Your spell library contained the following spells:

 Spells                   Type           Power        Failure   Level
 Wereblood                Tmut           ##......     9%          2
 Confusing Touch          Hex            #.......     56%         3
 Gell's Gravitas          Tloc           #.........   56%         3
 Ice Form                 Ice/Tmut       #.......     75%         4
 Petrify                  Tmut/Erth      #.......     75%         4
 Blade Hands              Tmut           ##........   83%         5
 Yara's Violent Unravell  Hex/Tmut       #.........   97%         5
 Metabolic Englaciation   Hex/Ice        #.........   100%        5


Dungeon Overview and Level Annotations

Branches:
Dungeon (4/15)             Temple (0/1) D:4

Altars:
Hepliaklqana


Innate Abilities, Weirdness & Mutations

Your plain brown scales are hard. (AC +5)
You cannot fit into any form of body armour.
You are cold-blooded and may be slowed by cold attacks.


Message History

Something hits you.
The orc wizard casts a spell.
The orc wizard seems to speed up.
You barely miss the orc wizard.
The orc wizard is severely wounded.
The orc wizard hits you with a +2 dagger of venom.
You are more poisoned.
The orc completely misses you.
You hear some strange, mumbled words.
A puff of flame appears from out of thin air!
The puff of flame hits you!
* * * LOW HITPOINT WARNING * * *
The orc wizard hits you with a +2 dagger of venom.
* * * LOW HITPOINT WARNING * * *
You hit something.
* * * LOW HITPOINT WARNING * * *
You feel sick. The orc hits you with a +0 dagger.
* * * LOW HITPOINT WARNING * * *
Something hits you.
You die...

.......†..........#
+......$...........#
#............#888#.#
#............8...8##
...............>.8#
.............8...8..
......#......#888#..
.........)..........
......o@o.#.........
P.....{.o.#.........
......#..o#......!..
..................
..................
.................
...............
...............


You could see an orc wizard (fast, very poisoned) and 3 orcs.

Vanquished Creatures
  An orc priest (D:4)
  A hound (D:4)
  A bullfrog skeleton (D:4)
  A worker ant (D:4)
  5 adders
  A worm (D:2)
  3 dart slugs
  A leopard gecko (D:2)
  4 orcs
  2 giant cockroaches
  7 goblins
  12 hobgoblins
  7 jackals
  3 quokkas
  A ball python (D:4)
  8 bats
  7 frilled lizards
  6 kobolds
  6 rats
77 creatures vanquished.

Vanquished Creatures (others)
  3 plants
3 creatures vanquished.

Grand Total: 80 creatures vanquished

Notes
Turn   | Place    | Note
-------+----------+-------------------------------------------
     0 | D:1      | kae the Draconian Transmuter began the quest for the Orb.
     0 | D:1      | Reached XP level 1. HP: 16/16 MP: 3/3
   358 | D:1      | Reached XP level 2. HP: 23/23 MP: 3/5
   993 | D:1      | Reached XP level 3. HP: 28/28 MP: 3/6
  1036 | D:1      | Learned a level 3 spell: Spider Form
  1991 | D:2      | Reached XP level 4. HP: 36/36 MP: 5/7
  2611 | D:3      | Found a hazy altar of Hepliaklqana.
  3173 | D:4      | Reached XP level 5. HP: 30/41 MP: 6/8
  3269 | D:4      | Reached skill level 4 in Unarmed Combat
  3269 | D:4      | Reached skill level 1 in Poison Magic
  3812 | D:4      | Found a staircase to the Ecumenical Temple.
  3841 | D:4      | HP: 1/41 [orc/+0 dagger (2)]
  3841 | D:4      | Slain by an orc wizard

Illustrated notes

Levels and vault maps discovered:
D:1:      wander_arrival_fairy_ring, layout_loops_ring, serial_forest,
          infiniplex_forest_clump_medium, infiniplex_forest_pool,
          infiniplex_forest_clump_large, infiniplex_forest_zigzag_1,
          infiniplex_forest_clump_diagonal, infiniplex_forest_lined_corner,
          minmay_lizard_pond
D:2:      layout_loops_ring, hangedman_abyss_or_decor_lesser_grid,
          minmay_bisected
D:3:      layout_rooms, lemuel_crystal_altar
D:4:      corexii_shantytown, layout_basic, minmay_temple_entry_statues,
          serial_shops, shop, abandoned_shop, nemelex_dance_club_becter

Skill      XL: |  1  2  3  4  5 |
---------------+----------------+-----
Dodging        | 2 |  2.4
Transmutations | 3 |  3.4
Fighting       | 2 |  2.2
Unarmed Combat | 4 |  4.1
Poison Magic   | 1 |  1.6
Spellcasting   | |  2.8

Action                   |  1- 3 |  4- 6 || total
-------------------------+-------+-------++-------
Melee: Unarmed           |    54 |       ||    54
       Kick              |    19 |    16 ||    35
       Dagger            |    54 |    92 ||   146
       Headbutt          |     7 |    13 ||    20
       Tailslap          |     6 |    10 ||    16
       Punch             |     1 |     2 ||     3
 Cast: Beastly Appendage |    25 |    28 ||    53
Armor: Skin              |    33 |    35 ||    68
Dodge: Dodged            |    61 |    84 ||   145

Table legend: (Time is in decaauts)
 A = Elapsed time spent in this place.
 B = Non-inter-level travel time spent in this place.
 C = Inter-level travel time spent in this place.
 D = Time resting spent in this place.
 E = Time spent auto-exploring this place.
 F = Levels seen in this place.
 G = Mean time per level.
                   A        B        C        D        E       F      G
               +--------+--------+--------+--------+--------+-----+--------+
         Total |   3838 |   3744 |     94 |    365 |   2879 |   4 |  959.5 |
       Dungeon |   3838 |   3744 |     94 |    365 |   2879 |   4 |  959.5 |
               +--------+--------+--------+--------+--------+-----+--------+

Top non-repeatable levels by time:
     D:1: 1519 daAuts
     D:2: 1089 daAuts
     D:4: 694 daAuts
     D:3: 534 daAuts
